 Dungeon Crawl Stone Soup version 0.27-a0-1196-g3e9cee4cb2 (webtiles) character file.

Game seed: 12884173783290228432

1533 leviel the Carver (level 8, -6/68 HPs)
             Began as a Hill Orc Fighter on May 29, 2021.
             Was a Priest of Elyvilon.
             Killed from afar by a steam dragon (18 damage)
             ... with a ball of steam
             ... on level 7 of the Dungeon.
             The game lasted 00:14:42 (9182 turns).

leviel the Carver (Hill Orc Fighter)                Turns: 9182, Time: 00:14:43

Health: -6/68      AC:  9    Str: 21    XL:     8   Next: 85%
Magic:  12/12      EV:  7    Int:  8    God:    Elyvilon [***...]
Gold:   67         SH:  9    Dex: 10    Spells: 7/7 levels left

rFire    . . .     SeeInvis .   a - +0 long sword
rCold    . . .     Faith    .   c - +0 kite shield
rNeg     . . .     Spirit   .   b - +1 scale mail
rPois    .         Reflect  .   (no helmet)
rElec    .         Harm     .   (no cloak)
rCorr    .         Rampage  .   j - +0 pair of gloves
Will     +....                  (no boots)
Stlth    ..........             n - amulet of regeneration
HPRegen  1.21/turn              x - ring of willpower
MPRegen  0.13/turn              (no ring)

@: no status effects
A: no striking features
a: Renounce Religion, Lesser Healing, Heal Other, Purification, Divine
Protection


You were on level 7 of the Dungeon.
You worshipped Elyvilon.
Elyvilon was most pleased with you.
You visited 2 branches of the dungeon, and saw 8 of its levels.

You collected 333 gold pieces.
You spent 266 gold pieces at shops.

Inventory:

Hand Weapons
 a - a +0 long sword (weapon)
Missiles
 g - a throwing net
Armour
 b - a +1 scale mail (worn)
 c - a +0 kite shield (worn)
 j - a +0 pair of gloves (worn)
Jewellery
 n - an amulet of regeneration (around neck)
 x - a ring of willpower (left hand)
Wands
 m - a wand of iceblast (13) (quivered)
Scrolls
 d - 3 scrolls of silence {unknown}
 h - a scroll of noise {unknown}
 o - 2 scrolls of fog
 s - a scroll of brand weapon {unknown}
 w - a scroll of enchant weapon {unknown}
Potions
 e - a potion of flight {unknown}
 f - a potion of might
 i - a potion of lignification {unknown}
 k - 2 potions of curing
 p - a potion of resistance {unknown}
 q - a potion of cancellation
 t - a potion of degeneration
 u - a potion of haste
 v - a potion of ambrosia


   Skills:
 - Level 5.1 Fighting
 * Level 9.1 Long Blades
 - Level 4.7 Armour
 - Level 4.7 Shields
 - Level 5.8 Invocations


You had 7 spell levels left.
You didn't know any spells.
Your spell library contained the following spells:

 Spells                   Type           Power      Damage    Failure   Level
 Foxfire                  Conj/Fire      0%         2x1d4     99%         1
 Conjure Flame            Conj/Fire      0%         6-21      100%        3
 Inner Flame              Hex/Fire       0%         N/A       100%        3
 Sticky Flame             Conj/Fire      0%         2d3       100%        4
 Fireball                 Conj/Fire      0%         3d3       100%        5


Dungeon Overview and Level Annotations

Branches:
Dungeon (7/15)             Temple (1/1) D:6

Altars:
Ashenzari
Cheibriados
Dithmenos
Elyvilon
Fedhas
Gozag
Hepliaklqana
Kikubaaqudgha
Nemelex Xobeh
Okawaru
Qazlal
Ru
Sif Muna
Trog
Uskayaw
Vehumet
Wu Jian
Xom
Yredelemnul
Zin
The Shining One
Beogh

Shops:
D:3 (   D:5 =   D:6 ==[(!

Annotations:
D:3 3 runed translucent doors, Orlauf's ghost, weakling DsGl


Message History

You slash the steam dragon!
The steam dragon is moderately wounded.
The steam dragon barely misses you. The steam dragon claws you.
You slash the steam dragon!
The steam dragon is heavily wounded.
The steam dragon breathes steam at you. The ball of steam hits you!
You closely miss the steam dragon.
The steam dragon is heavily wounded.
You are engulfed in a cloud of scalding steam.
The steam dragon bites you.
The steam dragon claws you but does no damage.
You barely miss the steam dragon.
The steam dragon is heavily wounded.
You are engulfed in a cloud of scalding steam.
The steam dragon breathes steam at you. The ball of steam hits you.
The steam dragon breathes steam at you. The ball of steam hits you.
You hit the steam dragon but do no damage.
The steam dragon is heavily wounded.
You are engulfed in a cloud of scalding steam.
* * * LOW HITPOINT WARNING * * *
The steam dragon bites you.
* * * LOW HITPOINT WARNING * * *
You block the steam dragon's attack. The steam dragon bites you.
* * * LOW HITPOINT WARNING * * *
You block the steam dragon's attack. You block the steam dragon's attack.
The steam dragon claws you but does no damage.
You hit the steam dragon.
The steam dragon is heavily wounded.
The steam dragon bites you.
* * * LOW HITPOINT WARNING * * *
The steam dragon claws you but does no damage.
You hit the steam dragon.
The steam dragon is severely wounded.
The steam dragon breathes steam at you. The ball of steam hits you!!
You die...

#...,***#.##.#.#.#*.#***
#....* #.##.#.#.#,..,,*
#....####.##.*,#.#****,*
#.........##.#,#.# *,*
#.......####..,#.# *,*
###.....# #..##.# *,*
#.......####.)...# *,*
#.........##...D.# *,*
#.......#.##.#.@§# *,*
#...#####.##.#...#####,*
#...****#.##.#<......#,****
*#..,,,,*#.##.##...##.#,,,,*
,..,,,,,*#.#.....>.#*,****,*
****#.,,*#.#.....§.#*,**,,,*
#...##.#..........#*,***
#..........########*,*
##......##.#********,*


You could see a steam dragon (catching breath).

Vanquished Creatures
  A water moccasin (D:6)
  An orc warrior (D:6)
  2 sky beasts
  A centaur (D:6)
  2 ogres
  2 scorpions
  A water moccasin zombie (D:6)
  2 centaur zombies
  2 hounds (D:6)
  A jelly (D:4)
  A gnoll shaman (D:6)
  An orc priest (D:3)
  3 iguanas (D:5)
  Jessica (D:2)
  5 orc wizards
  A hound zombie (D:3)
  9 adders
  11 gnolls
  An adder zombie (D:3)
  A worm (D:2)
  25 orcs
  7 ball pythons
  4 endoplasms
  A giant cockroach (D:1)
  9 hobgoblins
  5 jackals
  4 kobolds
  3 quokkas
  4 bats
  4 frilled lizards
  5 goblins
  A quokka zombie (D:3)
  4 rats
125 creatures vanquished.

Notes
Turn   | Place    | Note
-------+----------+-------------------------------------------
     0 | D:1      | leviel the Hill Orc Fighter began the quest for the Orb.
     0 | D:1      | Reached XP level 1. HP: 19/19 MP: 1/1
   474 | D:1      | Reached XP level 2. HP: 27/27 MP: 2/2
  1344 | D:2      | Found a broken altar of Ashenzari.
  1414 | D:2      | Reached XP level 3. HP: 2/33 MP: 3/3
  1976 | D:2      | Noticed Jessica
  1977 | D:2      | Killed Jessica
  1978 | D:2      | Reached skill level 3 in Long Blades
  1978 | D:2      | Reached XP level 4. HP: 41/41 MP: 4/4
  2293 | D:2      | Found a faded altar of an unknown god.
  2445 | D:3      | Reached XP level 5. HP: 12/47 MP: 5/5
  3202 | D:3      | Found a basalt altar of Yredelemnul.
  3296 | D:3      | Found a sacrificial altar of Ru.
  3298 | D:3      | Found a white marble altar of Elyvilon.
  3301 | D:3      | Found a stormy altar of Qazlal.
  3301 | D:3      | Found a glowing silver altar of Zin.
  3303 | D:3      | Found a shimmering blue altar of Sif Muna.
  3305 | D:3      | Found an ornate altar of the Wu Jian Council.
  3321 | D:3      | Became a worshipper of Elyvilon the Healer
  3463 | D:3      | Found Uvont's Weapon Boutique.
  3484 | D:3      | Reached skill level 5 in Fighting
  3484 | D:3      | Reached XP level 6. HP: 56/56 MP: 6/6
  3676 | D:3      | Identified the +8 short sword of Rathecil {vorpal, Fragile
                  | rPois rF+++ Stlth-}
  3677 | D:3      | Found a runed translucent gate.
  3677 | D:3      | Noticed Orlauf's ghost (weakling DsGl)
  3678 | D:3      | Found a runed translucent gate.
  3679 | D:3      | Found a runed translucent gate.
  3685 | D:3      | Found a roughly hewn altar of Beogh.
  3953 | D:3      | Reached * piety under Elyvilon
  4956 | D:4      | Reached skill level 4 in Long Blades
  5465 | D:5      | Entered Level 5 of the Dungeon
  5618 | D:5      | Noticed a sky beast
  5645 | D:5      | Killed a sky beast
  5646 | D:5      | Reached skill level 5 in Long Blades
  5646 | D:5      | Reached skill level 1 in Invocations
  5646 | D:5      | Reached XP level 7. HP: 26/61 MP: 6/8
  6009 | D:5      | Reached ** piety under Elyvilon
  6353 | D:5      | Reached skill level 6 in Long Blades
  6869 | D:5      | Found Imnonya's Jewellery Boutique.
  7050 | D:6      | Found Telufoji's Antique Weapon Shoppe.
  7050 | D:6      | Found Hoggef's Antique Armour Boutique.
  7333 | D:6      | Reached XP level 8. HP: 49/68 MP: 11/11
  7343 | D:6      | Reached skill level 7 in Long Blades
  7661 | D:6      | Found Zymic's Distillery.
  7666 | D:6      | Bought a potion of degeneration for 14 gold pieces
  7666 | D:6      | Bought a potion of haste for 140 gold pieces
  7666 | D:6      | Bought a potion of ambrosia for 112 gold pieces
  7761 | D:6      | Reached skill level 5 in Invocations
  7780 | D:6      | Found a staircase to the Ecumenical Temple.
  7874 | D:6      | Found Fazo's Jewellery Shop.
  7903 | D:6      | Found Ofalot's Jewellery Boutique.
  7934 | D:6      | Reached *** piety under Elyvilon
  7935 | D:6      | Found a hazy altar of Hepliaklqana.
  7955 | D:6      | Reached skill level 8 in Long Blades
  8282 | Temple   | Entered the Ecumenical Temple
  8726 | D:7      | Noticed a hornet
  8726 | D:7      | Noticed a cyclops
  8923 | D:6      | Reached skill level 9 in Long Blades
  9182 | D:7      | Killed from afar by a steam dragon

Illustrated notes

Levels and vault maps discovered:
D:1:      dpeg_arrival_orchard, layout_basic, kennysheep_another_room
D:2:      layout_basic, basic_altar, ebering_ecumenical_altar_hall,
          minmay_cupped, uniq_jessica
D:3:      layout_basic, nicolae_yredelemnul_corpse_copse,
          grunt_temple_overflow_open, serial_shops, shop,
          biasface_ghost_orc_armoury
D:4:      layout_loops_ring, serial_forest, infiniplex_forest_pool,
          infiniplex_forest_clump_curved, infiniplex_forest_lined_room_,
          infiniplex_forest_clump_long, infiniplex_forest_clump_small,
          infiniplex_forest_lined_corner, lemuel_old_faithful
D:5:      layout_loops_ring, serial_shops, kennysheep_mini
D:6:      layout_basic, general_overflow_altar, lemuel_temple_firewalk_a,
          serial_shops, shop, shop_statue, shop, shop, shop_statue
D:7:      minmay_razor_zed, layout_basic
Temple:   dshaligram_water_room_temple

Skill      XL: |  1  2  3  4  5  6  7  8 |
---------------+-------------------------+-----
Fighting       | 4 5 |  5.1
Long Blades    | 3 5 6 9 |  9.1
Armour         | 4 |  4.7
Shields        | 4 |  4.7
Invocations    | 1 4 5 |  5.8

Action                   |  1- 3 |  4- 6 |  7- 9 || total
-------------------------+-------+-------+-------++-------
Melee: Long sword        |   112 |   150 |   254 ||   516
Evoke: Wand              |       |       |     2 ||     2
  Use: Potion            |     1 |     1 |     3 ||     5
       Scroll            |       |    12 |     2 ||    14
Armor: Scale mail        |    53 |    80 |   156 ||   289
Dodge: Dodged            |    54 |    53 |    98 ||   205
Block: Kite shield       |    75 |   100 |   160 ||   335
       Rpst.: Long sword |    14 |    15 |    27 ||    56

Table legend: (Time is in decaauts)
 A = Elapsed time spent in this place.
 B = Non-inter-level travel time spent in this place.
 C = Inter-level travel time spent in this place.
 D = Time resting spent in this place.
 E = Time spent auto-exploring this place.
 F = Levels seen in this place.
 G = Mean time per level.
                   A        B        C        D        E       F      G
               +--------+--------+--------+--------+--------+-----+--------+
         Total |   9382 |   9104 |    278 |   2501 |   5390 |   8 | 1172.8 |
       Dungeon |   9267 |   9035 |    232 |   2501 |   5321 |   7 | 1323.9 |
        Temple |    114 |     69 |     45 |      0 |     69 |   1 |  114.0 |
               +--------+--------+--------+--------+--------+-----+--------+

Top non-repeatable levels by time:
     D:3: 1870 daAuts
     D:6: 1828 daAuts
     D:5: 1781 daAuts
     D:2: 1376 daAuts
     D:4: 1261 daAuts
     D:1: 1072 daAuts
  Temple: 114 daAuts
     D:7: 77 daAuts
